 Dungeon Crawl Stone Soup version 0.25-b1-23-ge2ad7d536c (webtiles) character file.

Game seed: 12483449814591508772, levelgen mode: deterministic

14922 Arum the Fighter (level 12, -3/102 HPs)
             Began as a Formicid Fighter on June 1, 2020.
             Was a Priest of Qazlal.
             Killed from afar by Josephine (22 damage)
             ... with a ghostly fireball
             ... on level 12 of the Dungeon.
             The game lasted 00:25:50 (13023 turns).

Arum the Fighter (Formicid Fighter)                Turns: 13023, Time: 00:25:50

Health: -3/102     AC:  9    Str: 20    XL:     12   Next: 51%
Magic:  1/15       EV: 13    Int: 11    God:    Qazlal [***...]
Gold:   694        SH: 15    Dex: 13    Spells: 11/11 levels left

rFire    . . .     SeeInvis +   a - +0 quarterstaff (flame)
rCold    . . .     Gourm    .   c - +0 kite shield
rNeg     . . .     Faith    .   b - +0 scale mail
rPois    .         Spirit   .   (helmet unavailable)
rElec    .         Reflect  .   (no cloak)
rCorr    .         Harm     .   (no gloves)
MR       ++...                  t - +0 pair of boots
Stlth    ..........             (no amulet)
HPRegen  0.27/turn              k - ring of protection from magic
MPRegen  0.14/turn              w - +4 ring of evasion

@: drained
A: permanent stasis, dig shafts and tunnels, four strong arms, antennae 3
a: Dig, Shaft Self, Upheaval, Elemental Force, Renounce Religion


You were on level 12 of the Dungeon.
You worshipped Qazlal.
Qazlal was most pleased with you.
You were near starving.

You visited 2 branches of the dungeon, and saw 13 of its levels.

You collected 694 gold pieces.

Inventory:

Hand Weapons
 a - a +0 quarterstaff of flaming (weapon)
 H - a +1 falchion of flaming
Missiles
 y - 2 silver javelins (quivered)
Armour
 b - a +0 scale mail (worn)
 c - a +0 kite shield (worn)
 t - a +0 pair of boots (worn)
 x - the +1 plate armour of Disaster {Harm rElec Slay+3}
   (You found it on level 5 of the Dungeon)

   It affects your accuracy and damage with ranged weapons and melee attacks
   (+3).
   It insulates you from electricity.
   It increases damage dealt and taken.
Jewellery
 k - a ring of protection from magic (left hand)
 n - an uncursed ring of protection from fire {unknown}
 w - a +4 ring of evasion (right hand)
 B - an uncursed ring of magical power
 D - an uncursed ring of positive energy
 F - an uncursed ring of magical power
 N - an uncursed ring of protection from cold {unknown}
Wands
 i - a wand of clouds (1)
 r - a wand of digging (11)
 E - a wand of disintegration (6)
 M - a wand of polymorph (10)
Scrolls
 h - 3 scrolls of teleportation {unknown}
 j - 13 scrolls of identify
 q - 2 scrolls of enchant weapon {unknown}
 s - 2 scrolls of fog {unknown}
 v - 8 scrolls of remove curse {unknown}
Potions
 e - 3 potions of cancellation {unknown}
 g - 4 potions of curing {unknown}
 l - a potion of resistance {unknown}
 m - 8 potions of flight {unknown}
 o - a potion of degeneration {unknown}
 p - 2 potions of brilliance {unknown}
 u - a potion of magic {unknown}
 z - a potion of ambrosia {unknown}
 L - 2 potions of mutation {unknown}
Miscellaneous
 d - a tin of tremorstones (3/3)
Comestibles
 f - 23 rations
 A - 10 chunks of flesh


   Skills:
 + Level 12.2(10.9) Fighting
 + Level 11.1(9.9) Staves
 + Level 10.3(9.0) Armour
 - Level 9.0(7.8) Shields
 + Level 4.4(3.3) Invocations


You had 11 spell levels left.
You didn't know any spells.
Your spell library was empty.

Dungeon Overview and Level Annotations

Branches:
Dungeon (12/15)            Temple (1/1) D:4            Lair (0/6) D:11
    Orc (0/2) D:12

Altars:
Ashenzari
Cheibriados
Dithmenos
Elyvilon
Fedhas
Gozag
Hepliaklqana
Kikubaaqudgha
Makhleb
Nemelex Xobeh
Okawaru
Qazlal
Ru
Sif Muna
Trog
Uskayaw
Vehumet
Wu Jian
Xom
Yredelemnul
Zin
The Shining One

Shops:
D:10 (

Annotations:
D:12 Josephine


Innate Abilities, Weirdness & Mutations

You cannot be hasted, slowed, berserked, paralysed or teleported.
You can dig through walls and to a lower floor.
Your four strong arms can wield two-handed weapons with a shield.
You have a pair of large antennae on your head. (SInv)


Message History

Aim: Josephine, wielding a +0 dagger and wearing a +0 robe (heavily wounded, chance to defeat MR: 30%) Josephine is blasted!!
Evoke which item? (* to show all) (? for menu, Esc to quit)
Aiming: Disintegrate
Press: ? - help, Shift-Dir - straight line, f/p - Josephine
Aim: Josephine, wielding a +0 dagger and wearing a +0 robe (almost dead, chance to defeat MR: 30%) Josephine easily resists.
Josephine points at you and mumbles some strange words.
The ghostly flame explodes!
The ghostly fireball engulfs you!
You feel drained.
* * * LOW HITPOINT WARNING * * *
You hear a shout! x2
Evoke which item? (* to show all) (? for menu, Esc to quit)
Aiming: Disintegrate
Press: ? - help, Shift-Dir - straight line, f/p - Josephine
Aim: Josephine, wielding a +0 dagger and wearing a +0 robe (almost dead, chance to defeat MR: 30%) Josephine easily resists.
Josephine points at you and mumbles some strange words.
The ghostly flame explodes!
The ghostly fireball engulfs you!!
You feel drained.
You die...

##.#.....)..).......#
.!....####)...........
..)...................
≈≈≈≈≈≈8.))........... {
≈≈≈≈≈8≈..............
###############'.≈≈@.(.........#.
...)..........)#o≈≈............##
...)..........☼##§≈)[..)##..#(.#
.....8.......§§§@.[.#..)........
..............W##≈≈.##..........
...............#.≈≈.##...#..8...
###############'.≈≈.##.###......
≈≈≈≈8≈..... ..... ≈≈≈≈≈≈8....#
#..## ............. ..#
.#.##.......# .. ..... #... ...


You could see Josephine and a wraith.

Vanquished Creatures
  A hydra (D:8)
  A centaur warrior (D:11)
  2 two-headed ogres
  Pikel (D:8)
  A deep elf mage (D:12)
  A centaur zombie (D:11)
  6 gargoyles (D:10)
  A kobold demonologist (D:11)
  Maggie (D:9)
  A troll (D:11)
  Grinder (D:4)
  2 dream sheep
  2 yaks (D:7)
  4 wyverns
  Eustachio (D:6)
  3 wraiths
  3 hungry ghosts
  A soldier ant (D:10)
  3 water moccasins
  An acid dragon (D:12)
  A swamp drake (D:11)
  A slave (D:9)
  A sky beast (D:9)
  2 ice beasts
  2 eyes of draining (D:9)
  A necrophage (D:9)
  A black bear (D:9)
  5 ogres
  6 orc warriors
  7 centaurs
  3 crocodiles (D:11)
  3 big kobolds
  6 bullfrogs
  A wyvern zombie (D:10)
  4 scorpions
  4 killer bees (D:11)
  15 wights
  2 electric eels (D:12)
  3 howler monkeys
  3 crimson imps
  6 hounds
  A gnoll shaman (D:5)
  3 bullfrog skeletons
  7 orc priests
  11 orc wizards
  A centaur skeleton (D:11)
  5 jellies
  6 worker ants
  4 iguanas
  Robin (D:3)
  4 adders
  4 gnolls (D:5)
  A howler monkey skeleton (D:9)
  3 shadow imps
  An ooze (D:2)
  An adder skeleton (D:6)
  A worm (D:4)
  A dart slug (D:2)
  5 leopard geckos
  41 orcs
  2 ball pythons (D:2)
  7 bats
  4 giant cockroaches
  19 goblins
  8 hobgoblins
  9 jackals
  7 quokkas
  4 frilled lizards
  A jackal skeleton (D:7)
  4 kobolds
  A leopard gecko skeleton (D:5)
  2 quokka skeletons
  5 rats
288 creatures vanquished.

Vanquished Creatures (others)
  A slave (D:9)
1 creature vanquished.

Grand Total: 289 creatures vanquished

Notes
Turn   | Place    | Note
-------+----------+-------------------------------------------
     0 | D:1      | Arum the Formicid Fighter began the quest for the Orb.
     0 | D:1      | Reached XP level 1. HP: 18/18 MP: 1/1
   150 | D:1      | Reached XP level 2. HP: 24/24 MP: 2/2
   294 | D:1      | Reached XP level 3. HP: 30/30 MP: 3/3
   931 | D:2      | Found a shattered altar of Ashenzari.
  1108 | D:2      | Found a sparkling altar of Nemelex Xobeh.
  1136 | D:2      | Reached skill level 4 in Fighting
  1263 | D:2      | Reached XP level 4. HP: 37/37 MP: 4/4
  1600 | D:2      | Found a radiant altar of Vehumet.
  1727 | D:3      | Noticed Robin
  1756 | D:3      | Killed Robin
  2042 | D:3      | Reached XP level 5. HP: 29/43 MP: 5/5
  2441 | D:4      | Reached skill level 5 in Shields
  2546 | D:4      | Noticed an ogre
  2558 | D:4      | Killed an ogre
  2558 | D:4      | Reached XP level 6. HP: 20/50 MP: 6/6
  2783 | D:4      | Found a staircase to the Ecumenical Temple.
  2869 | Temple   | Entered the Ecumenical Temple
  3109 | Temple   | Became a worshipper of Qazlal Stormbringer
  3176 | D:4      | Reached skill level 5 in Fighting
  3208 | D:4      | Noticed Grinder
  3245 | D:4      | Killed Grinder
  3245 | D:4      | Reached XP level 7. HP: 56/56 MP: 7/7
  3589 | D:4      | Found an iron altar of Okawaru.
  3599 | D:4      | Found an opulent altar of Gozag.
  4001 | D:5      | Entered Level 5 of the Dungeon
  4030 | D:5      | Reached skill level 6 in Fighting
  4098 | D:5      | Reached skill level 5 in Staves
  4119 | D:5      | Reached XP level 8. HP: 47/64 MP: 8/8
  4218 | D:5      | Got a warped plate armour
  4220 | D:5      | Identified the +1 plate armour of Disaster {Harm rElec
                  | Slay+3} (You found it on level 5 of the Dungeon)
  4230 | D:5      | Found a white marble altar of Elyvilon.
  5422 | D:6      | Reached skill level 7 in Fighting
  5781 | D:6      | Reached * piety under Qazlal
  5815 | D:6      | Noticed Eustachio
  5838 | D:6      | Killed Eustachio
  5838 | D:6      | Reached XP level 9. HP: 67/72 MP: 9/9
  6902 | D:7      | Reached skill level 8 in Fighting
  7561 | D:8      | Reached skill level 9 in Fighting
  7561 | D:8      | Reached skill level 5 in Armour
  7561 | D:8      | Reached XP level 10. HP: 67/83 MP: 10/10
  8101 | D:8      | Found a radiant altar of Vehumet.
  8136 | D:8      | Noticed a two-headed ogre
  8142 | D:8      | Killed a two-headed ogre
  8200 | D:8      | Reached ** piety under Qazlal
  8731 | D:9      | Reached skill level 10 in Fighting
  8781 | D:9      | Noticed Pikel
  8881 | D:9      | Noticed Maggie
  8911 | D:8      | Killed Pikel
  8926 | D:8      | Noticed a three-headed hydra
  8931 | D:8      | Reached XP level 11. HP: 77/92 MP: 11/11
  8941 | D:8      | Killed a three-headed hydra
  9069 | D:9      | Killed Maggie
  9440 | D:9      | Noticed a two-headed ogre
  9453 | D:9      | Killed a two-headed ogre
  9453 | D:9      | Reached skill level 11 in Fighting
  9734 | D:9      | Reached *** piety under Qazlal
  9740 | D:9      | Found a hazy altar of Hepliaklqana.
  9954 | D:10     | Entered Level 10 of the Dungeon
  9964 | D:10     | Reached skill level 10 in Staves
 10428 | D:10     | Found Urosunall's Antique Weapon Shoppe.
 11310 | D:11     | Reached skill level 1 in Invocations
 11389 | D:11     | Reached XP level 12. HP: 56/101 MP: 11/13
 12028 | D:11     | Found a staircase to the Lair.
 12194 | D:11     | Reached **** piety under Qazlal
 12295 | D:11     | Noticed a centaur warrior
 12312 | D:11     | Killed a centaur warrior
 12312 | D:11     | Reached skill level 12 in Fighting
 12333 | D:11     | Reached skill level 10 in Armour
 12991 | D:12     | Found a staircase to the Orcish Mines.
 13017 | D:12     | Noticed Josephine
 13023 | D:12     | Killed from afar by Josephine

Illustrated notes

Levels and vault maps discovered:
D:1:      dpeg_arrival_arbitrary_c, layout_loops_ring, serial_forest,
          infiniplex_forest_lined_ring, infiniplex_forest_end_3,
          infiniplex_forest_lined_room_3, infiniplex_forest_end_1,
          infiniplex_forest_fountain, infiniplex_forest_corner_2
D:2:      layout_basic, lemuel_doored_altar, old_standard_altar,
          marbit_many_paths
D:3:      layout_basic, st_stairs_2, kennysheep_path_1, uniq_robin
D:4:      layout_loops_corners, amethyst_overflow_temple_binary,
          minmay_temple_entry_mini_moons, kennysheep_cross_bottleneck,
          chequers_serial_rivers_small_3, serial_park_tiny_2, uniq_grinder
D:5:      layout_loops_corners, elyvilon_altar_5, first_ration,
          minmay_checkerbox
D:6:      layout_layer_cave, minmay_misc_feat_square, kennysheep_small_spiral,
          uniq_eustachio
D:7:      layout_cave_pools
D:8:      layout_cave_pools, basic_altar, hangedman_ranch
          [blue_anna_fruit_fields]
D:9:      layout_gridville, lemuel_coloured_pillars_altar, uniq_pikel,
          uniq_maggie
D:10:     cheibrodos_statue_roulette, layout_long_grid, serial_shops,
          nicolae_shop_trees
D:11:     layout_loops_ring, erik_lair_dragon
D:12:     layout_cave_pools, erik_orc_2, serial_column_ruins,
          column_ruins_hut_water, column_ruins_grid_3, column_ruins_open_small,
          column_ruins_open_large, column_ruins_open_small,
          column_ruins_open_small, column_ruins_grid_1, gauntlet_entry_generic,
          uniq_josephine
Temple:   regret_index_temple_generic_petals

Skill      XL: |  1  2  3  4  5  6  7  8  9 10 11 12 |
---------------+-------------------------------------+-----
Shields        | 4 5 6 8 9 |  9.0
Fighting       | 4 5 6 7 9 10 11 12 | 12.2
Staves         | 3 4 5 6 7 9 10 11 | 11.1
Armour         | 5 7 9 10 | 10.3
Invocations    | 1 4 |  4.4

Action                   |  1- 3 |  4- 6 |  7- 9 | 10-12 || total
-------------------------+-------+-------+-------+-------++-------
Melee: Quarterstaff      |   117 |   153 |   347 |   660 ||  1277
Invok: Upheaval          |       |       |       |     9 ||     9
 Abil: Dig               |       |     3 |       |     1 ||     4
Evoke: Wand              |       |       |       |    36 ||    36
  Use: Scroll            |       |       |     1 |     6 ||     7
       Potion            |       |       |       |     4 ||     4
 Stab: Confused          |       |       |       |     1 ||     1
  Eat: Chunk             |     1 |     8 |    13 |    14 ||    36
       Ration            |       |       |     1 |     1 ||     2
Armor: Scale mail        |    47 |    39 |    98 |    69 ||   253
Dodge: Dodged            |    40 |    45 |   177 |   183 ||   445
       Repelled          |       |       |       |     3 ||     3
Block: Kite shield       |    60 |    67 |   196 |   409 ||   732
